 Dungeon Crawl Stone Soup version 0.20.1-1-g8b1a95d (webtiles) character file.

8313 wojtek the Cleaver (level 11, -10/99 HPs)
             Began as a Minotaur Fighter on Dec 25, 2017.
             Was a Priest of Makhleb.
             Mangled by a spectral orc knight
             ... wielding a +2 great sword
             ... summoned by Nergalle
              (11 damage)
             ... on level 10 of the Dungeon.
             The game lasted 00:14:20 (10881 turns).

wojtek the Cleaver (Minotaur Fighter)              Turns: 10881, Time: 00:14:21

Health: -10/99     AC: 18    Str: 24    XL:     11   Next: 8%
Magic:  15/15      EV:  7    Int:  5    God:    Makhleb [***...]
Gold:   519        SH:  8    Dex: 10    Spells: 10/10 levels left

rFire    + . .     SeeInvis .   a - +0 war axe
rCold    . . .     Gourm    .   c - +0 shield
rNeg     . . .     Faith    .   u - +4 ring mail
rPois    .         Spirit   .   X - +0 hat
rElec    .         Reflect  .   (no cloak)
rCorr    .         Harm     .   n - +0 pair of gloves
MR       .....                  x - +0 pair of boots
Stlth    ..........             (no amulet)
Regen    0.3/turn               l - +5 ring of protection
MPRegen  0.2/turn               A - ring of protection from fire

@: very heavily drained
A: retaliatory headbutt, horns 2
a: Minor Destruction, Lesser Servant of Makhleb, Renounce Religion


You were on level 10 of the Dungeon.
You worshipped Makhleb.
Makhleb was most pleased with you.
You were hungry.

You visited 2 branches of the dungeon, and saw 12 of its levels.
You also visited: Sewer.

You collected 519 gold pieces.

Inventory:

Hand Weapons
 a - a +0 war axe (weapon)
 b - a +0 hand axe of freezing
Armour
 c - a +0 shield (worn)
 n - a +0 pair of gloves (worn)
 u - a +4 ring mail (worn)
 x - a +0 pair of boots (worn)
 X - a +0 hat (worn)
Jewellery
 l - a +5 ring of protection (left hand)
 m - an uncursed amulet of magic regeneration
 p - an uncursed amulet of faith {unknown}
 y - an uncursed ring of fire
 A - a ring of protection from fire (right hand)
 N - an uncursed amulet of harm {unknown}
 O - an uncursed amulet of regeneration {unknown}
Wands
 k - a wand of polymorph (15/24)
 I - a wand of disintegration (17/24)
 L - a wand of acid (10/15)
 M - a wand of flame (16/48)
 S - a wand of confusion (29/48)
Scrolls
 h - a scroll of enchant armour {unknown}
 i - a scroll of fear {unknown}
 j - 3 scrolls of identify
 o - 3 scrolls of amnesia
 q - 2 scrolls of recharging
 z - 2 scrolls of remove curse {unknown}
 C - 3 scrolls of magic mapping
 E - 2 scrolls of teleportation
 F - a scroll of immolation {unknown}
 K - a scroll of brand weapon {unknown}
 Q - a scroll of blinking {unknown}
 T - a scroll of enchant weapon {unknown}
 W - 2 scrolls of fog {unknown}
Potions
 d - a potion of might
 e - 9 potions of flight {unknown}
 r - 3 potions of curing {unknown}
 s - 2 potions of berserk rage {unknown}
 w - a potion of haste {unknown}
 B - a potion of degeneration {unknown}
 D - 5 potions of heal wounds {unknown}
 G - 2 potions of mutation {unknown}
 H - a potion of lignification {unknown}
 J - a potion of resistance {unknown}
 P - a potion of agility {unknown}
Books
 R - a book of Maledictions

   Spells                             Type                      Level
   a - Corona                         Hexes                        1
   b - Ensorcelled Hibernation        Hexes/Ice                    2
   c - Confuse                        Hexes                        3
   d - Tukima's Dance                 Hexes                        3
   e - Dazzling Spray                 Conjuration/Hexes            3
 U - a book of Enchantments

   Spells                             Type                      Level
   a - Cause Fear                     Hexes                        4
   b - Yara's Violent Unravelling     Hexes/Transmutation          5
   c - Silence                        Hexes/Air                    5
   d - Deflect Missiles               Charms/Air                   6
   e - Discord                        Hexes                        8
 V - a book of Cantrips

   Spells                             Type                      Level
   a - Confusing Touch                Hexes                        1
   b - Animate Skeleton               Necromancy                   1
   c - Summon Small Mammal            Summoning                    1
   d - Apportation                    Translocation                1
Comestibles
 f - 9 bread rations
 g - 6 meat rations
 t - 4 fruits
 v - 3 royal jellies


   Skills:
 + Level 9.9(6.5) Fighting
 * Level 13.0(9.4) Axes
 + Level 9.9(6.5) Armour
 - Level 3.6(0.7) Shields
 + Level 7.4(4.2) Invocations


You had 10 spell levels left.
You didn't know any spells.

Dungeon Overview and Level Annotations

Branches:
Dungeon (11/15)            Temple (1/1) D:4            Lair (0/6) D:11
    Orc (0/2) D:11

Altars:
Ashenzari
Cheibriados
Dithmenos
Elyvilon
Fedhas
Gozag
Hepliaklqana
Kikubaaqudgha
Makhleb
Nemelex Xobeh
Okawaru
Qazlal
Ru
Sif Muna
Trog
Uskayaw
Vehumet
Xom
Yredelemnul
Zin
The Shining One

Shops:
D:11 =

Annotations:
D:10 Nergalle


Innate Abilities, Weirdness & Mutations

You reflexively headbutt those who attack you in melee.
You have a pair of horns on your head.


Message History

Press: ? - help, Shift-Dir - straight line, f - spectral orc warrior
Aim: a spectral orc warrior, wielding a trident and wearing a plate armour (heavily damaged, summoned)
The spectral orc warrior is unaffected.
Nergalle asks, "There's a tasty morsel, hm?"
Nergalle hits you but does no damage.
The spectral orc warrior hits you but does no damage.
You block the spectral orc warrior's attack.
The spectral orc warrior hits you with a long sword.
* * * LOW HITPOINT WARNING * * *
Press: ? - help, Shift-Dir - straight line, f - Nergalle, p - spectral orc warrior
Aim: Nergalle, wielding a dagger and wearing a glowing robe (almost dead)
The stone arrow hits Nergalle.
Nergalle is almost dead.
The spectral orc warrior hits you with a battleaxe!
* * * LOW HITPOINT WARNING * * *
You feel drained.
* * * LOW HITPOINT WARNING * * *
The spectral orc hits you but does no damage.
The spectral orc knight hits you with an enchanted great sword!
You die...

#.### #..........# #...###
########'### ###...# #..#
###.# #.##
######.##############'### #
#..........##......>....# ##
#..........##(..........#
.###.......^..##ZZ.........#
...)...........Z@Z....)(...#
####..........#oZZ.........#
#..........##Z..........#
#..........########'#####
###.######## #..(# #.#
#####.#######
######.#########...........#
...........................#
######.#########...........#


You could see Nergalle, a spectral orc, 5 spectral orc warriors and a spectral
orc knight.

Vanquished Creatures
  Gastronok (D:11)
  A two-headed ogre (D:10)
  2 ugly things
  2 centaur zombies
  The ghost of Hylith the Chopper, an amateur MiBe of Trog (D:4)
  Prince Ribbit (D:9)
  2 hippogriffs
  A spriggan (D:8)
  A soldier ant (D:10)
  Edmund (D:6)
  3 orc warriors (D:11)
  4 phantoms
  A sky beast (D:7)
  A black bear (D:7)
  2 necrophages
  An ogre (D:8)
  6 centaurs
  A big kobold (Sewer)
  11 bullfrogs
  A wyvern zombie (D:11)
  A wyvern skeleton (D:8)
  2 scorpions
  4 killer bees (D:8)
  A bullfrog zombie (D:5)
  A quasit (D:5)
  3 hounds
  2 bullfrog skeletons
  5 orc wizards
  3 orc priests
  A centaur skeleton (D:9)
  An iguana (D:8)
  7 worker ants
  A hound zombie (D:5)
  A hound skeleton (D:4)
  A howler monkey zombie (D:8)
  A worker ant zombie (D:8)
  9 adders
  5 river rats
  2 shadow imps
  3 oozes
  An adder skeleton (D:9)
  3 worms
  5 leopard geckos
  26 orcs
  7 bats
  9 giant cockroaches
  4 goblins
  2 hobgoblins (D:2)
  A jackal (Sewer)
  5 quokkas
  A ball python (D:6)
  9 frilled lizards
  A giant cockroach zombie (D:5)
  10 kobolds
  A quokka zombie (D:9)
  6 rats
189 creatures vanquished.

Vanquished Creatures (collateral kills)
  A howler monkey (D:11)
  A centaur zombie (D:11)
  A hound (D:11)
  A bullfrog skeleton (D:11)
4 creatures vanquished.

Grand Total: 193 creatures vanquished

Notes
Turn   | Place    | Note
-------+----------+-------------------------------------------
     0 | D:1      | wojtek the Minotaur Fighter began the quest for the Orb.
     0 | D:1      | Reached XP level 1. HP: 19/19 MP: 0/0
   218 | D:1      | Reached XP level 2. HP: 27/27 MP: 1/1
   812 | D:2      | Reached skill level 3 in Axes
   880 | D:2      | Reached XP level 3. HP: 23/33 MP: 2/2
  2163 | D:3      | Reached XP level 4. HP: 40/41 MP: 3/3
  2416 | D:3      | Reached skill level 4 in Axes
  2634 | D:4      | Found a staircase to the Ecumenical Temple.
  2664 | D:4      | Noticed Hylith's ghost (amateur MiBe)
  2688 | Temple   | Entered the Ecumenical Temple
  2743 | Temple   | Became a worshipper of Makhleb the Destroyer
  2753 | D:4      | Noticed a phantom
  2773 | D:4      | Killed a phantom
  2773 | D:4      | Reached skill level 5 in Fighting
  2773 | D:4      | Reached skill level 5 in Axes
  2773 | D:4      | Reached skill level 1 in Invocations
  2773 | D:4      | Reached XP level 5. HP: 39/48 MP: 4/4
  3087 | D:5      | Entered Level 5 of the Dungeon
  3092 | D:5      | Reached XP level 6. HP: 43/56 MP: 4/6
  3175 | D:5      | Reached skill level 5 in Armour
  3191 | D:5      | Reached skill level 6 in Axes
  3652 | D:5      | Reached XP level 7. HP: 61/61 MP: 7/7
  4266 | D:6      | Reached * piety under Makhleb
  4269 | D:6      | Reached skill level 7 in Axes
  4279 | D:6      | Found a glowing drain.
  4287 | Sewer    | Entered a sewer
  4388 | Sewer    | Found a glowing silver altar of Zin.
  4915 | D:6      | Noticed Edmund
  4926 | D:6      | Killed Edmund
  4926 | D:6      | Reached XP level 8. HP: 61/71 MP: 9/9
  5007 | D:6      | Found a shimmering altar of Xom.
  5419 | D:4      | Reached skill level 8 in Axes
  5707 | D:4      | Found a hide-covered altar of Uskayaw.
  5707 | D:4      | Found a blossoming altar of Fedhas.
  5859 | D:4      | Found a staircase to the Ecumenical Temple.
  6107 | D:4      | Killed Hylith's ghost
  6275 | D:7      | Reached skill level 9 in Axes
  6345 | D:7      | Found a shattered altar of Ashenzari.
  6418 | D:7      | Reached ** piety under Makhleb
  6452 | D:7      | Noticed a hippogriff
  6461 | D:7      | Reached XP level 9. HP: 75/79 MP: 11/11
  6844 | D:8      | Found an iron altar of Okawaru.
  6861 | D:8      | Reached skill level 10 in Axes
  6866 | D:8      | Reached skill level 5 in Invocations
  8258 | D:9      | Reached skill level 11 in Axes
  8475 | D:9      | Noticed Prince Ribbit
  8767 | D:9      | Killed Prince Ribbit
  8767 | D:9      | Reached XP level 10. HP: 41/90 MP: 13/13
  9030 | D:10     | Entered Level 10 of the Dungeon
  9258 | D:10     | Noticed a two-headed ogre
  9268 | D:10     | Killed a two-headed ogre
  9272 | D:10     | Noticed a cyan ugly thing
  9318 | D:10     | Killed a cyan ugly thing
  9756 | D:10     | Reached skill level 12 in Axes
  9977 | D:11     | Noticed Gastronok
  9991 | D:11     | Killed Gastronok
  9991 | D:11     | Reached *** piety under Makhleb
 10185 | D:11     | Noticed a green ugly thing
 10201 | D:11     | Killed a green ugly thing
 10201 | D:11     | Reached XP level 11. HP: 99/99 MP: 15/15
 10293 | D:11     | Found Rextet's Jewellery Emporium.
 10367 | D:11     | Reached skill level 13 in Axes
 10372 | D:11     | Found a staircase to the Orcish Mines.
 10455 | D:11     | Noticed Nergalle
 10463 | D:11     | Noticed a green ugly thing
 10472 | D:11     | Noticed a green ugly thing
 10621 | D:11     | Noticed a spectral orc warlord
 10881 | D:10     | HP: 2/99 [spectral orc warrior/battleaxe[Nergalle] (9)]
 10881 | D:10     | Mangled by a spectral orc knight

Skill      XL: |  1  2  3  4  5  6  7  8  9 10 11 |
---------------+----------------------------------+-----
Fighting       | 4 5 6 7 8 9 |  9.9
Axes           | 3 5 6 7 9 11 12 13 | 13.0
Armour         | 4 5 6 7 8 9 |  9.9
Invocations    | 1 2 3 4 6 7 |  7.4
Shields        | |  3.6

Action                   |  1- 3 |  4- 6 |  7- 9 | 10-12 || total
-------------------------+-------+-------+-------+-------++-------
Melee: War axe           |   122 |    94 |   350 |   196 ||   762
       Headbutt          |    14 |    19 |    63 |    47 ||   143
       Hand axe          |     1 |       |       |       ||     1
Invok: Lesser Servant of |       |       |       |     3 ||     3
       Minor Destruction |       |       |       |     2 ||     2
  Use: Potion            |       |       |       |     1 ||     1
       Scroll            |       |       |       |     5 ||     5
  Eat: Chunk             |     4 |     5 |    16 |     7 ||    32
Armor: Scale mail        |    53 |    36 |    50 |       ||   139
       Ring mail         |       |       |   148 |   112 ||   260
Dodge: Dodged            |    46 |    21 |   104 |    68 ||   239
Block: Shield            |    65 |    43 |   177 |    95 ||   380
